 Dungeon Crawl Stone Soup version 0.31-a0-986-g5e6e4ef867 (webtiles) character file.

Game seed: 15647182149751875660

182 pokeman the Magician (level 5, -2/29 HPs)
             Began as a Deep Elf Hedge Wizard on Nov 4, 2023.
             Succumbed to a scorpion's poison
             ... on level 3 of the Dungeon.
             The game lasted 00:04:54 (3118 turns).

pokeman the Magician (Deep Elf Hedge Wizard)        Turns: 3118, Time: 00:04:54

Health: -2/29      AC:  2    Str:  7    XL:     5   Next: 35%
Magic:  7/15       EV: 13    Int: 21    God:
Gold:   138        SH:  0    Dex: 14    Spells: 8/16 levels left

rFire   . . .        m - +0 dagger (elec)
rCold   . . .        (no shield)
rNeg    . . .        b - +0 robe
rPois   .            c - +0 hat
rElec   .            (no cloak)
rCorr   .            (no gloves)
SInv    .            (no boots)
Will    .....        (no amulet)
Stlth   ++           (no ring)
HPRegen 0.24/turn    (no ring)
MPRegen 0.14/turn

%: no passive effects
@: mighty, lethally poisoned (-2 -> -14)
A: no striking features
a: no special abilities


You were on level 3 of the Dungeon.
You visited 1 branch of the dungeon, and saw 4 of its levels.

You collected 138 gold pieces.

Inventory:

Hand Weapons
 m - a +0 dagger of electrocution (weapon)
Armour
 b - a +0 robe (worn)
 c - a +0 hat (worn)
 n - a +0 kite shield
Scrolls
 f - 4 scrolls of identify {unknown}
 g - a scroll of enchant armour {unknown}
 i - a scroll of silence {unknown}
 j - 2 scrolls of fog {unknown}
 o - a scroll of summoning {unknown}
 p - a scroll of blinking {unknown}
 q - a scroll of torment {unknown}
Potions
 d - a potion of magic
 e - a potion of mutation {unknown}
 h - a potion of curing {unknown}
 k - a potion of resistance {unknown}
 l - a potion of attraction {unknown}
 r - a potion of degeneration {unknown}


   Skills:
 - Level 1.0 Fighting
 - Level 1.0 Armour
 - Level 3.0 Dodging
 - Level 3.0 Stealth
 + Level 0.3 Shields
 * Level 6.2 Spellcasting
 + Level 2.6 Conjurations
 - Level 1.1 Summonings
 - Level 1.1 Translocations
 + Level 0.4 Air Magic
 + Level 0.5 Poison Magic


You had 8 spell levels left.
You knew the following spells:

 Your Spells              Type           Power      Damage    Failure   Level
a - Magic Dart            Conj           68%        1d6       3%          1
b - Mephitic Cloud        Conj/Pois/Air  11%        N/A       17%         3
c - Call Imp              Summ           22%        N/A       10%         2
d - Blink                 Tloc           22%        N/A       10%         2

Your spell library contained the following spells:

 Spells                   Type           Power      Damage    Failure   Level
 Slow                     Hex            24%        N/A       10%         1
 Cigotuvi's Dreadful Rot  Necr/Pois/Air  14%        N/A       13%         2
 Dazzling Flash           Conj/Hex       24%        N/A       17%         3
 Volatile Blastmotes      Fire/Tloc      16%        2d11      22%         3
 Starburst                Conj/Fire      6%         6d4       100%        6
 Maxwell's Capacitive Co  Air            4%         ∞         100%        8


Dungeon Overview and Level Annotations

Branches:
Dungeon (4/15)
 Temple: D:4-7

Altars:


Message History

You hit the hound but do no damage.
The hound is lightly wounded.
The hound barely misses you.
The hound closely misses itself.
You closely miss the hound.
The hound is lightly wounded.
The scorpion seems less confused.
You hit the hound.
The hound is lightly wounded.
The hound misses you.
Casting: Magic Dart (safe; 3% risk of failure)
Confirm with . or Enter, or press ? or * to list all spells.
Aiming: Mephitic Cloud (quite dangerous; 17% risk of failure)
Press: ? - help, Shift-Dir - straight line, f - scorpion, p - hound
Aim: a scorpion (chance to affect: 81%)
The ball explodes into a vile cloud!
The stinking cloud engulfs the scorpion but does no damage.
The hound closely misses you.
The scorpion is engulfed in noxious fumes.
The scorpion appears confused.
The hound closely misses you.
Unknown command.
Unknown command.
You hit the scorpion.
The scorpion is lightly wounded.
The hound misses you.
The hound bites itself.
The scorpion stings you.
You are poisoned.
The scorpion poisons you!
You feel very sick.
You feel sick. The hound misses you. The scorpion stings you.
* * * LOW HITPOINT WARNING * * *
You are more poisoned.
The scorpion poisons you!
* * * LOW HITPOINT WARNING * * *
You feel very sick. The hound bites you.
* * * LOW HITPOINT WARNING * * *
Unknown command.
It was a potion of might.
You feel very mighty all of a sudden.
You die...

#......##.......##'##.......⌠...
#......##.......................
#......#...[............[.⌠...⌠.
##..)...#........................
.............................<...
.#......##..................)....
.#......##.......>.........⌠...⌠.
.......###.......................
.......# #......@h...........⌠(..
.......# #.......................
.......# #......s................
.......# #.......................
.......# #........)..............
.......# #.......................
.......# #.................).....
.......# #.....))................
.>.....# #.....).................


You could see a scorpion (confused) and a hound (confused).

Vanquished Creatures
  2 orc priests (D:3)
  3 gnolls (D:3)
  2 adders
  2 dart slugs
  7 orcs (D:3)
  6 ball pythons
  6 endoplasms
  3 giant cockroaches
  5 hobgoblins
  5 jackals (D:2)
  3 kobolds
  2 quokkas (D:2)
  4 bats
  5 frilled lizards
  3 goblins
  11 rats
69 creatures vanquished.

Notes
Turn   | Place    | Note
-------+----------+-------------------------------------------
     0 | D:1      | pokeman the Deep Elf Hedge Wizard began the quest for the
                  | Orb.
     0 | D:1      | Reached XP level 1. HP: 10/10 MP: 7/7
   257 | D:1      | Reached XP level 2. HP: 16/16 MP: 2/9
  1121 | D:2      | Reached skill level 5 in Spellcasting
  1240 | D:2      | Reached XP level 3. HP: 8/20 MP: 3/11
  1245 | D:2      | Learned a level 3 spell: Mephitic Cloud
  1248 | D:2      | Learned a level 2 spell: Call Imp
  1251 | D:2      | Learned a level 2 spell: Blink
  1330 | D:2      | Reached skill level 1 in Fighting
  1928 | D:2      | Reached skill level 1 in Armour
  2288 | D:3      | Reached XP level 4. HP: 25/25 MP: 10/13
  2571 | D:3      | Reached skill level 6 in Spellcasting
  2576 | D:3      | Reached XP level 5. HP: 26/29 MP: 3/15
  3117 | D:3      | HP: 1/29 [hound (3)]
  3118 | D:3      | Succumbed to a scorpion's poison

Illustrated notes

Levels and vault maps discovered:
D:1:      orjb1_lava_funnel, layout_basic
D:2:      layout_rooms, minmay_puff
D:3:      layout_basic, grunt_ministairs_2, dk_noncrumbling_2
D:4:      minmay_inner_zag, layout_rooms, uniq_sigmund, uniq_pargi, uniq_pikel

Skill      XL: |  1  2  3  4 |
---------------+-------------+-----
Spellcasting   | 5 6 |  6.2
Fighting       | 1 |  1.0
Armour         | 1 |  1.0
Conjurations   | 2 |  2.6
Dodging        | 3 |  3.0
Stealth        | 3 |  3.0
Shields        | |  0.3
Summonings     | |  1.1
Translocations | |  1.1
Air Magic      | |  0.4
Poison Magic   | |  0.5

Action                     |  1- 3 |  4- 6 || total
---------------------------+-------+-------++-------
  Melee: Quarterstaff      |     4 |       ||     4
         Dagger            |    16 |    22 ||    38
   Cast: Magic Dart        |   118 |    28 ||   146
         Mephitic Cloud    |       |     7 ||     7
    Use: Potion            |       |     1 ||     1
   Stab: Confused          |       |     3 ||     3
 Armour: Robe              |    25 |    17 ||    42
  Dodge: Dodged            |    34 |    24 ||    58

Table legend: (Time is in decaauts)
 A = Elapsed time spent in this place.
 B = Non-inter-level travel time spent in this place.
 C = Inter-level travel time spent in this place.
 D = Time resting spent in this place.
 E = Time spent auto-exploring this place.
 F = Levels seen in this place.
 G = Mean time per level.
                   A        B        C        D        E       F      G
               +--------+--------+--------+--------+--------+-----+--------+
         Total |   3118 |   3038 |     80 |      0 |   2614 |   4 |  779.5 |
       Dungeon |   3118 |   3038 |     80 |      0 |   2614 |   4 |  779.5 |
               +--------+--------+--------+--------+--------+-----+--------+

Top non-repeatable levels by time:
     D:1: 1082 daAuts
     D:2: 1030 daAuts
     D:3: 998 daAuts
     D:4: 6 daAuts
